MLB
MILWAUKEE BREWERS @ SAN FRANCISCO GIANTS
05/19/2042
 
TOP OF THE 1ST
Milwaukee Brewers batting - Pitching for San Francisco Giants : LHP Stan Ledrew
Pitching: LHP Stan Ledrew
Batting: SHB José Hernández 0-0: Foul Ball, location: 9LSF
0-1: Called Strike
0-2: Ball
1-2: Strikes out swinging
Batting: LHB Dave Lynch 0-0: Ground out 4-3 (Groundball, 4M, EV 100.6 MPH)
Batting: RHB Pepe Franco 0-0: Ball
1-0: Ball
2-0: Called Strike
2-1: Fly out, F7 (Flyball, 7S, EV 95.0 MPH)
Top of the 1st over - 0 runs, 0 hits, 0 errors, 0 left on base; Milwaukee 0 - San Francisco 0
BOTTOM OF THE 1ST
San Francisco Giants batting - Pitching for Milwaukee Brewers : RHP Alfredo Hernández
Pitching: RHP Alfredo Hernández
Batting: LHB Jorge Apodaca 0-0: Foul Ball, location: 2F
0-1: Ball
1-1: Ball
2-1: Fly out, F8 (Line Drive, 8LM, EV 92.5 MPH)
Batting: RHB José Medina 0-0: Hit by Pitch
Batting: LHB Joe Moran 0-0: Ball
1-0: Foul Ball, location: 23F
1-1: Ball
2-1: TRIPLE (Line Drive, 8LXD, EV 109.4 MPH)
José Medina scores
Batting: RHB Joe Silver 0-0: Called Strike
0-1: Ball
Wild Pitch!
Joe Moran scores
1-1: Ball
2-1: Called Strike
2-2: Strikes out swinging
Batting: LHB Jeremy Price 0-0: Ball
1-0: Ball
2-0: Fly out, F5 (Popup, 5SF, EV 76.9 MPH)
Bottom of the 1st over - 2 runs, 1 hit, 0 errors, 0 left on base; Milwaukee 0 - San Francisco 2
TOP OF THE 2ND
Milwaukee Brewers batting - Pitching for San Francisco Giants : LHP Stan Ledrew
Batting: LHB Jake Allen 0-0: Ball
1-0: Swinging Strike
1-1: Ball
2-1: Swinging Strike
2-2: Strikes out looking
Batting: RHB Tony Hoover 0-0: Ball
1-0: Ball
2-0: Called Strike
2-1: Fly out, F9 (Flyball, 9LS, EV 91.3 MPH)
Batting: LHB Jesús Garza 0-0: Ball
1-0: Called Strike
1-1: Called Strike
1-2: Strikes out swinging
Top of the 2nd over - 0 runs, 0 hits, 0 errors, 0 left on base; Milwaukee 0 - San Francisco 2
BOTTOM OF THE 2ND
San Francisco Giants batting - Pitching for Milwaukee Brewers : RHP Alfredo Hernández
Batting: RHB José Solís 0-0: Ball
1-0: Fly out, F4 (Popup, 4MD, EV 42.5 MPH)
Batting: LHB Jim Beard 0-0: Ball
1-0: Fly out, F9 (Flyball, 9, EV 90.0 MPH)
Batting: RHB Dave Kondo 0-0: Ground out 5-3 (Groundball, 56S, EV 85.0 MPH)
Bottom of the 2nd over - 0 runs, 0 hits, 0 errors, 0 left on base; Milwaukee 0 - San Francisco 2
TOP OF THE 3RD
Milwaukee Brewers batting - Pitching for San Francisco Giants : LHP Stan Ledrew
Batting: RHB José Cruz 0-0: Ground out 5-3 (Groundball, 56, EV 91.3 MPH)
Batting: LHB Jeff Flowers 0-0: Called Strike
0-1: Ball
1-1: Ground out 6-3 (Groundball, 56, EV 86.3 MPH)
Batting: RHB António Hernández 0-0: Ground out 4-3 (Groundball, 4, EV 95.0 MPH)
Top of the 3rd over - 0 runs, 0 hits, 0 errors, 0 left on base; Milwaukee 0 - San Francisco 2
BOTTOM OF THE 3RD
San Francisco Giants batting - Pitching for Milwaukee Brewers : RHP Alfredo Hernández
Batting: LHB Johnny Reed 0-0: Called Strike
0-1: Foul Ball, location: 7LSF
0-2: SINGLE (Groundball, 4MD, EV 105.0 MPH)
Batting: LHB Jorge Apodaca 0-0: Called Strike
0-1: Ball
1-1: Swinging Strike
1-2: Ball
2-2: Ball
3-2: Grounds into double play, 6-4-3 (Groundball, 6, EV 105.0 MPH)
Batting: RHB José Medina 0-0: Ball
1-0: Swinging Strike
1-1: Called Strike
1-2: Ball
2-2: Foul Ball, location: 2F
2-2: Foul Ball, location: 2F
2-2: Strikes out swinging
Bottom of the 3rd over - 0 runs, 1 hit, 0 errors, 0 left on base; Milwaukee 0 - San Francisco 2
TOP OF THE 4TH
Milwaukee Brewers batting - Pitching for San Francisco Giants : LHP Stan Ledrew
Batting: SHB José Hernández 0-0: Ball
1-0: SINGLE (Line Drive, 4D, EV 96.9 MPH)
Batting: LHB Dave Lynch 0-0: Ball
1-0: Sac Bunt to 25 - play at second, runner OUT! 5-6
Batting: RHB Pepe Franco 0-0: Called Strike
0-1: 2-RUN HOME RUN (Flyball, 78XD, EV 107.5 MPH), Distance : 418 ft
Batting: LHB Jake Allen 0-0: Ball
1-0: Called Strike
1-1: Swinging Strike
1-2: Strikes out looking
Batting: RHB Tony Hoover 0-0: Ball
1-0: Called Strike
1-1: SINGLE (Flyball, 4D, EV 98.1 MPH)
Batting: LHB Jesús Garza 0-0: Called Strike
0-1: Ball
1-1: Ground out 4-3 (Groundball, 34, EV 83.8 MPH)
Top of the 4th over - 2 runs, 3 hits, 0 errors, 1 left on base; Milwaukee 2 - San Francisco 2
BOTTOM OF THE 4TH
San Francisco Giants batting - Pitching for Milwaukee Brewers : RHP Alfredo Hernández
Batting: LHB Joe Moran 0-0: Called Strike
0-1: Foul Ball, location: 5DF
0-2: Fly out, F2 (Popup, 2LF, EV 91.3 MPH)
Batting: RHB Joe Silver 0-0: Called Strike
0-1: Reached via error on a dropped throw from 3B, E3 (Groundball, 56S, EV 84.4 MPH)
Batting: LHB Jeremy Price 0-0: Ball
Joe Silver steals 2nd base
1-0: Foul Ball, location: 7LSF
1-1: Foul Ball, location: 9LMF
1-2: Strikes out swinging
Batting: RHB José Solís 0-0: Called Strike
0-1: Fly out, F9 (Line Drive, 9S, EV 101.3 MPH)
Bottom of the 4th over - 0 runs, 0 hits, 1 error, 1 left on base; Milwaukee 2 - San Francisco 2
TOP OF THE 5TH
Milwaukee Brewers batting - Pitching for San Francisco Giants : LHP Stan Ledrew
Batting: RHB José Cruz 0-0: Ball
1-0: Ball
2-0: Foul Ball, location: 3F
2-1: Foul Ball, location: 9LDF
2-2: Foul Ball, location: 7LMF
2-2: Ball
3-2: Base on Balls
Batting: LHB Jeff Flowers 0-0: Ball
1-0: Called Strike
1-1: Foul Ball, location: 2F
1-2: Foul Ball, location: 2F
1-2: Ball
2-2: Foul Ball, location: 7LDF
2-2: Ball
3-2: Foul Ball, location: 2F
3-2: Base on Balls
José Cruz to second
Batting: RHB António Hernández 0-0: Called Strike
0-1: DOUBLE (Line Drive, 9LS, EV 99.4 MPH)
José Cruz scores
Jeff Flowers to third
Batting: SHB José Hernández 0-0: Called Strike
0-1: Called Strike
0-2: Strikes out swinging
Batting: LHB Dave Lynch 0-0: Ball
1-0: Fly out, F8 (Flyball, 8RD, EV 90.0 MPH)
Batting: RHB Pepe Franco 0-0: Ball
1-0: Swinging Strike
1-1: Foul Ball, location: 2F
1-2: Ball
2-2: Foul Ball, location: 9LDF
2-2: Ball
3-2: Strikes out swinging
Top of the 5th over - 1 run, 1 hit, 0 errors, 2 left on base; Milwaukee 3 - San Francisco 2
BOTTOM OF THE 5TH
San Francisco Giants batting - Pitching for Milwaukee Brewers : RHP Alfredo Hernández
Batting: LHB Jim Beard 0-0: Ball
1-0: Foul Ball, location: 7LDF
1-1: Foul Ball, location: 2LF
1-2: Fly out, F8 (Flyball, 8RD, EV 102.5 MPH)
Batting: RHB Dave Kondo 0-0: Ground out 6-3 (Groundball, 6, EV 81.9 MPH)
Batting: LHB Johnny Reed 0-0: Ball
1-0: Swinging Strike
1-1: DOUBLE (Flyball, 8RXD, EV 96.3 MPH)
Batting: LHB Jorge Apodaca 0-0: Ball
1-0: Fly out, F7 (Flyball, 7, EV 86.9 MPH)
Bottom of the 5th over - 0 runs, 1 hit, 0 errors, 1 left on base; Milwaukee 3 - San Francisco 2
TOP OF THE 6TH
Milwaukee Brewers batting - Pitching for San Francisco Giants : LHP Stan Ledrew
Batting: LHB Jake Allen 0-0: Ball
1-0: Swinging Strike
1-1: Foul Ball, location: 5FF
1-2: Strikes out swinging
Batting: RHB Tony Hoover 0-0: Ball
1-0: Called Strike
1-1: Called Strike
1-2: Ball
2-2: Ball
3-2: SINGLE (Flyball, 8RS, EV 87.5 MPH)
Batting: LHB Jesús Garza 0-0: Ball
1-0: Swinging Strike
1-1: Called Strike
1-2: Foul Ball, location: 5SF
1-2: Foul Ball, location: 5FF
1-2: Foul Ball, location: 25F
1-2: Foul Ball, location: 2F
1-2: Fly out, F4 (Popup, 3D, EV 59.4 MPH)
Batting: RHB José Cruz 0-0: Called Strike
0-1: Foul Ball, location: 2F
0-2: Ball
1-2: Foul Ball, location: 7LSF
1-2: Ball
2-2: Fly out, F3 (Popup, 4S, EV 78.8 MPH)
Top of the 6th over - 0 runs, 1 hit, 0 errors, 1 left on base; Milwaukee 3 - San Francisco 2
BOTTOM OF THE 6TH
San Francisco Giants batting - Pitching for Milwaukee Brewers : RHP Alfredo Hernández
Batting: RHB José Medina 0-0: Ball
1-0: Ground out 6-3 (Groundball, 6S, EV 90.6 MPH)
Batting: LHB Joe Moran 0-0: Ball
1-0: Foul Ball, location: 5F
1-1: Ball
2-1: Foul Ball, location: 2F
2-2: Fly out, F8 (Flyball, 8RD, EV 88.8 MPH)
Batting: RHB Joe Silver 0-0: Ball
1-0: SINGLE (Groundball, 4MD, EV 99.4 MPH)
Batting: LHB Jeremy Price 0-0: Ball
Joe Silver steals 2nd base
1-0: Called Strike
1-1: Ball
2-1: Ground out U3 (Groundball, 3, EV 93.8 MPH)
Bottom of the 6th over - 0 runs, 1 hit, 0 errors, 1 left on base; Milwaukee 3 - San Francisco 2
TOP OF THE 7TH
Milwaukee Brewers batting - Pitching for San Francisco Giants : LHP Stan Ledrew
Pinch Hitting: RHB Juan Alvarado 0-0: Ball
1-0: Ball
2-0: Called Strike
2-1: Foul Ball, location: 9LSFF
2-2: Foul Ball, location: 2F
2-2: Ground out 1-3 (Groundball, 15S, EV 63.1 MPH)
Batting: RHB António Hernández 0-0: Ball
1-0: Ball
2-0: Ground out 6-3 (Groundball, 56, EV 106.9 MPH)
Batting: SHB José Hernández 0-0: Ball
1-0: Ball
2-0: Ball
3-0: Called Strike
3-1: Foul Ball, location: 25F
3-2: Strikes out swinging, 2-3 out at first.
Top of the 7th over - 0 runs, 0 hits, 0 errors, 0 left on base; Milwaukee 3 - San Francisco 2
BOTTOM OF THE 7TH
San Francisco Giants batting - Pitching for Milwaukee Brewers : RHP Alfredo Hernández
Now at 1B: Juan Alvarado
Batting: RHB José Solís 0-0: Ball
1-0: Called Strike
1-1: Called Strike
1-2: Foul Ball, location: 25FF
1-2: Ball
2-2: Strikes out swinging
Batting: LHB Jim Beard 0-0: Ball
1-0: Ball
2-0: SINGLE (Groundball, 25, EV 68.1 MPH) (infield hit)
Batting: RHB Dave Kondo 0-0: Called Strike
0-1: Ball
1-1: Ball
2-1: SINGLE (Line Drive, 78S, EV 88.8 MPH)
Jim Beard to second
Batting: LHB Johnny Reed 0-0: Foul Ball, location: 2F
0-1: Foul Ball, location: 7LMF
0-2: Ball
1-2: Ball
2-2: Fly out, F8 (Flyball, 8RM, EV 89.4 MPH)
Batting: LHB Jorge Apodaca 0-0: Called Strike
0-1: Ball
1-1: Ball
2-1: Ball
3-1: Called Strike
3-2: Foul Ball, location: 9LDF
3-2: Base on Balls
Jim Beard to third
Dave Kondo to second
Pitching: RHP Ben Walker
Batting: RHB José Medina 0-0: Foul Ball, location: 2F
0-1: Swinging Strike
0-2: Ground out U3 (Groundball, 3S, EV 78.8 MPH)
Bottom of the 7th over - 0 runs, 2 hits, 0 errors, 3 left on base; Milwaukee 3 - San Francisco 2
TOP OF THE 8TH
Milwaukee Brewers batting - Pitching for San Francisco Giants : LHP Stan Ledrew
Pitching: RHP Mike Thomas
Batting: LHB Dave Lynch 0-0: Ball
1-0: Ground out 5-3 (Groundball, 56S, EV 63.8 MPH)
Batting: RHB Pepe Franco 0-0: Ball
1-0: Swinging Strike
1-1: Swinging Strike
1-2: Ball
2-2: Strikes out swinging
Batting: LHB Jake Allen 0-0: Ball
1-0: Foul Ball, location: 3FF
1-1: Ball
2-1: Ball
3-1: Ground out U3 (Groundball, 3, EV 96.3 MPH)
Top of the 8th over - 0 runs, 0 hits, 0 errors, 0 left on base; Milwaukee 3 - San Francisco 2
BOTTOM OF THE 8TH
San Francisco Giants batting - Pitching for Milwaukee Brewers : RHP Ben Walker
Now at 3B: Dan Howard
Batting: LHB Joe Moran 0-0: Ball
1-0: Ball
2-0: Called Strike
2-1: Called Strike
2-2: Strikes out looking
Batting: RHB Joe Silver 0-0: SOLO HOME RUN (Flyball, 8LXD, EV 100.0 MPH), Distance : 407 ft
Pitching: LHP Tim Murray
Pinch Hitting: RHB Luis Cortéz 0-0: SINGLE (Line Drive, 89S, EV 95.0 MPH)
Batting: RHB José Solís 0-0: Called Strike
0-1: Ball
1-1: Ball
2-1: Ball
3-1: Foul Ball, location: 2F
3-2: Fly out, F9 (Flyball, 9D, EV 106.9 MPH)
Pinch Hitting: RHB Ron Account 0-0: Ball
Luis Cortéz is caught stealing 2nd base 2-4
Bottom of the 8th over - 1 run, 2 hits, 0 errors, 0 left on base; Milwaukee 3 - San Francisco 3
TOP OF THE 9TH
Milwaukee Brewers batting - Pitching for San Francisco Giants : RHP Mike Thomas
Now at SS: Ron Account
Now in RF: José Caraballo
Batting: LHB Jorge Ramírez 0-0: Fly out, F8 (Flyball, 8LD, EV 97.5 MPH)
Batting: LHB Jesús Garza 0-0: Ball
1-0: Called Strike
1-1: Foul Ball, location: 2F
1-2: Foul Ball, location: 2F
1-2: Strikes out swinging
Batting: RHB José Cruz 0-0: SINGLE (Groundball, 4D, EV 107.5 MPH)
Pitching: LHP António Fernández
Batting: RHB Juan Alvarado 0-0: Ball
1-0: SINGLE (Flyball, 89S, EV 90.0 MPH)
José Cruz to second
Runner from 2nd tries for 3rd, SAFE, throw by RF made to third
Batting: RHB António Hernández 0-0: Called Strike
0-1: Foul Ball, location: 23F
0-2: Ball
1-2: Strikes out looking
Top of the 9th over - 0 runs, 2 hits, 0 errors, 2 left on base; Milwaukee 3 - San Francisco 3
BOTTOM OF THE 9TH
San Francisco Giants batting - Pitching for Milwaukee Brewers : LHP Tim Murray
Batting: RHB Ron Account 0-0: Swinging Strike
0-1: Swinging Strike
0-2: Foul Ball, location: 25FF
0-2: Foul Ball, location: 9LDF
0-2: Ball
1-2: Strikes out swinging
Batting: RHB Dave Kondo 0-0: Called Strike
0-1: Swinging Strike
0-2: SINGLE (Groundball, 4D, EV 103.1 MPH)
Batting: LHB Johnny Reed 0-0: Foul Ball, location: 2F
0-1: Foul Ball, location: 7LMF
0-2: Fielders Choice at 2nd, 1-4 (Groundball, 15S, EV 68.8 MPH)
Batting: RHB Anastasio Ramos 0-0: Fielders Choice at 2nd, 6-4 (Groundball, 6, EV 100.6 MPH)
Bottom of the 9th over - 0 runs, 1 hit, 0 errors, 1 left on base; Milwaukee 3 - San Francisco 3
TOP OF THE 10TH
Milwaukee Brewers batting - Pitching for San Francisco Giants : LHP António Fernández
António Hernández starts the inning at 2nd base.
Batting: RHB Dan Howard 0-0: Swinging Strike
0-1: Swinging Strike
0-2: Ball
1-2: Strikes out swinging
Batting: LHB Dave Lynch 0-0: Ball
1-0: Ground out 1-3 (Groundball, 13S, EV 70.6 MPH)
Batting: RHB Pepe Franco 0-0: Foul Ball, location: 2LF
0-1: Swinging Strike
0-2: Ball
1-2: Ball
2-2: Ball
Wild Pitch!
António Hernández to third
3-2: Strikes out looking
Top of the 10th over - 0 runs, 0 hits, 0 errors, 1 left on base; Milwaukee 3 - San Francisco 3
BOTTOM OF THE 10TH
San Francisco Giants batting - Pitching for Milwaukee Brewers : LHP Tim Murray
Anastasio Ramos starts the inning at 2nd base.
Batting: RHB José Medina 0-0: Bunt missed!
0-1: Bunt missed!
0-2: Ball
1-2: Strikes out looking
Batting: LHB Joe Moran 0-0: Ball
1-0: SINGLE (Line Drive, 78S, EV 105.0 MPH)
Anastasio Ramos to third
Batting: RHB Joe Silver 0-0: Ball
1-0: Called Strike
1-1: Fly out, F8 (Flyball, 78XD, EV 93.1 MPH)
Runner from 3rd tags up, SCORES, no throw by CF
Bottom of the 10th over - 1 run, 1 hit, 0 errors, 1 left on base; Milwaukee 3 - San Francisco 4
Monday, April 29th , 2024 - OOTP Baseball 24.10 Build 82